 Dungeon Sprint DCSS version 0.29-a0-517-gbdf32494f2 (webtiles) character file.

Game seed: 2536756066003336308

8795 mhtbhm the Brawler (level 11, 0/106 HPs)
             Began as a Grey Draconian Transmuter on May 30, 2022.
             Was an Initiate of Gozag.
             Slain by a 12-headed hydra (13 damage)
             ... in the Dungeon (Sprint I: "Red Sonja").
             The game lasted 00:07:11 (2623 turns).

mhtbhm the Brawler (Grey Draconian Transmuter)      Turns: 2623, Time: 00:07:11

Health: 0/106      AC:  8    Str: 14    XL:     11   Next: 14%
Magic:  18/24      EV: 13    Int: 15    God:    Gozag
Gold:   4275       SH:  0    Dex: 13    Spells: 7/29 levels left

rFire   . . .      SeeInvis .     - Unarmed
rCold   + + +      Faith    .   (shield currently unavailable)
rNeg    . . .      Spirit   .   (body armour unavailable)
rPois   +          Reflect  .   (helmet currently unavailable)
rElec   .          Harm     .   (cloak currently unavailable)
rCorr   .          Rampage  .   (gloves currently unavailable)
Will    .....      NoTele   +   (boots currently unavailable)
Stlth   +++.......              (no amulet)
HPRegen 0.27/turn               m - ring of poison resistance
MPRegen 0.19/turn               o - ring of protection from fire

@: ice-form, wereblooded
A: freezing attack, boosted hp, AC +12, amphibious, large, unfitting armour,
(cold-blooded)
a: End Transformation, Renounce Religion, Potion Petition, Call Merchant, Bribe
Branch


You were in the Dungeon.
You worshipped Gozag.
Gozag was most pleased with you.
You were a creature of crystalline ice.
You visited 1 branch You collected 4913 gold pieces.
You spent 638 gold pieces at shops.

Inventory:

Jewellery
 m - a ring of poison resistance (left front paw)
 o - a ring of protection from fire (right front paw)
Wands
 b - a wand of flame (19)
 h - a wand of polymorph (4)
Scrolls
 d - 2 scrolls of enchant armour
 g - a scroll of fear {unknown}
Potions
 a - a potion of lignification
 c - a potion of might {unknown}
 e - 2 potions of magic
 f - 2 potions of curing
 i - a potion of experience {unknown}
 j - a potion of degeneration {unknown}
 k - a potion of mutation {unknown}
 l - 2 potions of flight {unknown}
 n - a potion of heal wounds
 p - a potion of cancellation {unknown}


   Skills:
 + Level 6.1 Fighting
 + Level 2.0 Throwing
 + Level 9.3 Dodging
 + Level 6.8 Stealth
 + Level 17.9 Unarmed Combat
 + Level 9.9 Spellcasting
 + Level 10.9 Transmutations
 + Level 4.5 Ice Magic
 + Level 4.7 Evocations


You had 7 spell levels left.
You knew the following spells:

 Your Spells              Type           Power      Damage    Failure   Level
a - Beastly Appendage     Tmut           80%        N/A       1%          1
b - Wereblood             Tmut           40%        N/A       1%          2
c - Spider Form           Tmut/Pois      23%        N/A       3%          3
d - Ice Form              Ice/Tmut       30%        N/A       4%          4
e - Blade Hands           Tmut           20%        N/A       3%          5
f - Dragon Form           Tmut           20%        N/A       67%         7

Your spell library contained the following spells:

 Spells                   Type           Power      Damage    Failure   Level
 Scorch                   Fire           14%        2d5       16%         2
 Irradiate                Conj/Tmut      11%        3d17      28%         5
 Flame Wave               Conj/Fire      7%         2d5       69%         4
 Summon Cactus Giant      Summ           3%         N/A       100%        6


Dungeon Overview and Level Annotations

Branches:
Dungeon (1/1)

Altars:
Cheibriados
Dithmenos
Elyvilon
Fedhas
Gozag
Hepliaklqana
Kikubaaqudgha
Makhleb
Nemelex Xobeh
Okawaru
Qazlal
Ru
Sif Muna
Trog
Uskayaw
Vehumet
Wu Jian
Xom
Yredelemnul
Zin
The Shining One
Jiyva
Lugonu

Shops:
D =:=:=((***!?[=![!


Innate Abilities, Weirdness & Mutations

You are a creature of crystalline ice.
You have a powerful freezing melee attack.
Your maximum health is increased.
Your armour is entirely melded.
You are incapable of wielding weapons or throwing items.
((Your dull iron-grey scales are very hard. (AC +12)))
You are amphibious.
You cannot fit into any form of body armour.
((You are cold-blooded and may be slowed by cold attacks.))


Message History

You now have 4275 gold pieces (gained 63).
You start resting.
Your transformation is almost over.
HP restored.
Your hands revert to their normal proportions.
Okay, then.
Casting: Blade Hands (dangerous; 3% risk of failure)
Confirm with . or Enter, or press ? or * to list all spells.
You turn into a creature of crystalline ice.
Unknown command.
Casting: Ice Form (dangerous; 4% risk of failure)
Confirm with . or Enter, or press ? or * to list all spells.
Your blood is infused with primal strength.
You open the door.
A 12-headed hydra and a floating eye come into view.
The 12-headed hydra roars!
The floating eye turns its gaze towards you.
Found 54 gold pieces.
Unknown command.
Unknown command.
You punch the 12-headed hydra! You freeze the 12-headed hydra.
The 12-headed hydra is moderately wounded.
The 12-headed hydra bites you! x3; The 12-headed hydra misses you.
The 12-headed hydra closely misses you.
The 12-headed hydra bites you but does no damage.
The 12-headed hydra bites you! x2
The 12-headed hydra bites you but does no damage.
The 12-headed hydra barely misses you. The 12-headed hydra bites you. x2
You hit the 12-headed hydra. You freeze the 12-headed hydra.
The 12-headed hydra is moderately wounded.
The floating eye seems to glare at you.
The 12-headed hydra bites you but does no damage. x2
The 12-headed hydra bites you! The 12-headed hydra bites you.
The 12-headed hydra barely misses you. The 12-headed hydra bites you!
* * * LOW HITPOINT WARNING * * *
The 12-headed hydra bites you!
* * * LOW HITPOINT WARNING * * *
The 12-headed hydra barely misses you. The 12-headed hydra bites you!
You die...
Your body crumbles into a pile of gold. ##################### ..#.)#§.§.§..§§§YDG$# $$$$ $ ..##'#§####.§§§§##$.+ $$$$ $ ..')§#.# ##§§§## ## $$$$$ ###..§§# $###+# $$$$$ $$$ .##+#### $ $$$ $$$$

.#.°○..#
$ $ $$$
.#..○○.+
$$$ $
§###°..#
$
.'.#...#
$


You could see a 12-headed hydra and a floating eye (charged).

Vanquished Creatures
  2 centaur warriors (D)
  A deep troll (D)
  A lindwurm (D)
  An oklob plant (D)
  A gargoyle (D)
  2 unseen horrors (D)
  2 kobold demonologists (D)
  4 demonic crawlers (D)
  A hornet (D)
  A slime creature (D)
  Sigmund (D)
  A yak (D)
  13 hogs (D)
  A basilisk (D)
  2 redbacks (D)
  2 floating eyes (D)
  An ogre (D)
  7 necrophages (D)
  8 jellies (D)
  Ijyb (D)
53 creatures vanquished.

Vanquished Creatures (others)
  2 ballistomycete spores (D)
2 creatures vanquished.

Grand Total: 55 creatures vanquished

Notes
Turn   | Place    | Note
-------+----------+-------------------------------------------
     0 | D        | mhtbhm the Draconian Transmuter began the quest for the
                  | Orb.
     0 | D        | Reached XP level 1. HP: 16/16 MP: 3/3
     3 | D        | Noticed Ijyb
    20 | D        | Killed Ijyb
    21 | D        | Reached skill level 5 in Unarmed Combat
    21 | D        | Reached XP level 2. HP: 22/23 MP: 3/5
   243 | D        | Learned a level 2 spell: Wereblood
   245 | D        | Noticed an ogre
   251 | D        | Killed an ogre
   252 | D        | Reached skill level 7 in Unarmed Combat
   252 | D        | Reached XP level 3. HP: 28/28 MP: 2/8
   252 | D        | Reached XP level 4. HP: 35/35 MP: 2/9
   256 | D        | Noticed Sigmund
   266 | D        | Killed Sigmund
   267 | D        | Reached skill level 9 in Unarmed Combat
   267 | D        | Reached skill level 5 in Transmutations
   267 | D        | Reached XP level 5. HP: 32/40 MP: 3/12
   468 | D        | Learned a level 3 spell: Spider Form
   473 | D        | Learned a level 4 spell: Ice Form
   475 | D        | Found an ornate altar of the Wu Jian Council.
   475 | D        | Found a shimmering blue altar of Sif Muna.
   477 | D        | Found a radiant altar of Vehumet.
   481 | D        | Reached skill level 10 in Unarmed Combat
   481 | D        | Reached skill level 5 in Spellcasting
   481 | D        | Reached XP level 6. HP: 47/47 MP: 7/13
   484 | D        | Found Koshret's Book Emporium.
   484 | D        | Found an ancient bone altar of Kikubaaqudgha.
   484 | D        | Found a hazy altar of Hepliaklqana.
   484 | D        | Found a stormy altar of Qazlal.
   484 | D        | Found a hide-covered altar of Uskayaw.
   484 | D        | Found a blossoming altar of Fedhas.
   484 | D        | Found a bloodstained altar of Trog.
   484 | D        | Found an iron altar of Okawaru.
   484 | D        | Found a basalt altar of Yredelemnul.
   484 | D        | Found a glowing golden altar of the Shining One.
   484 | D        | Found a snail-covered altar of Cheibriados.
   484 | D        | Found a sacrificial altar of Ru.
   484 | D        | Found a glowing silver altar of Zin.
   484 | D        | Found a shadowy altar of Dithmenos.
   484 | D        | Found a white marble altar of Elyvilon.
   484 | D        | Noticed a yak
   485 | D        | Found an opulent altar of Gozag.
   487 | D        | Killed a yak
   488 | D        | Reached skill level 1 in Stealth
   488 | D        | Reached skill level 11 in Unarmed Combat
   489 | D        | Noticed Sonja
   492 | D        | Noticed Sonja
   492 | D        | Sonja changed into Sonja the basilisk
   494 | D        | Killed Sonja the basilisk
   495 | D        | Your scales start taking on a dull iron-grey colour.
   495 | D        | Reached XP level 7. HP: 33/52 MP: 9/15
   498 | D        | Found a sparkling altar of Nemelex Xobeh.
   622 | D        | Found Vebaph's Jewellery Boutique.
   659 | D        | Became a worshipper of Gozag Ym Sagoz the Greedy
   686 | D        | Found a burning altar of Makhleb.
   686 | D        | Found a viscous altar of Jiyva.
   686 | D        | Found a shimmering altar of Xom.
   686 | D        | Found a corrupted altar of Lugonu.
   686 | D        | Noticed a slime creature
   695 | D        | Killed a slime creature
   696 | D        | Reached skill level 5 in Dodging
   696 | D        | Reached skill level 12 in Unarmed Combat
   696 | D        | Reached skill level 1 in Evocations
   706 | D        | Noticed a kobold demonologist
   706 | D        | Noticed a kobold demonologist
   709 | D        | Paralysed by a floating eye for 4 turns
   711 | D        | Noticed a sun demon
   713 | D        | Noticed a neqoxec
   717 | D        | Noticed a soul eater
   718 | D        | Killed a kobold demonologist
   719 | D        | Reached XP level 8. HP: 40/59 MP: 13/18
   722 | D        | Killed a kobold demonologist
   723 | D        | Reached skill level 13 in Unarmed Combat
   993 | D        | Noticed a deep troll
  1018 | D        | Killed a deep troll
  1019 | D        | Reached skill level 14 in Unarmed Combat
  1019 | D        | Reached skill level 1 in Ice Magic
  1041 | D        | Found Wisia's Armour Emporium.
  1043 | D        | Identified the +1 spear "Vig Tobb" {drain, MP+9 Str-2
                  | Dex+4}
  1250 | D        | Noticed a centaur warrior
  1250 | D        | Noticed a centaur warrior
  1265 | D        | Killed a centaur warrior
  1266 | D        | Reached skill level 1 in Throwing
  1266 | D        | Reached XP level 9. HP: 26/70 MP: 15/21
  1273 | D        | Killed a centaur warrior
  1274 | D        | Reached skill level 15 in Unarmed Combat
  1572 | D        | Noticed an oklob plant
  1575 | D        | Killed an oklob plant
  1586 | D        | Reached XP level 10. HP: 80/80 MP: 17/22
  1624 | D        | Reached skill level 5 in Fighting
  1624 | D        | Reached skill level 5 in Stealth
  1819 | D        | Reached skill level 10 in Transmutations
  1824 | D        | Reached skill level 16 in Unarmed Combat
  2007 | D        | Found Hidghiex's Book Shoppe.
  2007 | D        | Found Kurchan's Jewellery Shop.
  2007 | D        | Found Deishre's Jewellery Boutique.
  2009 | D        | Found Ruxuahuf's Antique Weapon Emporium.
  2009 | D        | Found Lunaket's Weapon Shop.
  2009 | D        | Found Bederr's Assorted Antiques.
  2009 | D        | Found Gul Bes's General Store.
  2009 | D        | Found Ydicwelesea's Assorted Antiques.
  2009 | D        | Found Neekhapa's Distillery.
  2009 | D        | Found Rygopise's Magic Scroll Shoppe.
  2013 | D        | Found Boxoici's Antique Armour Boutique.
  2014 | D        | Found Qucif's Distillery.
  2014 | D        | Found Enine's Jewellery Boutique.
  2015 | D        | Found Etoisir's Distillery.
  2022 | D        | Bought a scroll of identify for 28 gold pieces
  2035 | D        | Bought a ring of poison resistance for 240 gold pieces
  2045 | D        | Bought a potion of heal wounds for 70 gold pieces
  2049 | D        | Bought a ring of protection from fire for 300 gold pieces
  2176 | D        | Learned a level 5 spell: Blade Hands
  2184 | D        | Learned a level 7 spell: Dragon Form
  2197 | D        | Noticed a gargoyle
  2207 | D        | Killed a gargoyle
  2208 | D        | Reached skill level 17 in Unarmed Combat
  2543 | D        | Noticed a lindwurm
  2545 | D        | Killed a lindwurm
  2564 | D        | Reached XP level 11. HP: 87/89 MP: 15/24
  2621 | D        | Noticed a 12-headed hydra
  2623 | D        | Slain by a 12-headed hydra

Illustrated notes

Levels and vault maps discovered:
D:        dungeon_sprint_1 [red_sonja_temple_1, red_sonja_temple_small_1]

Skill      XL: |  1  2  3  4  5  6  7  8  9 10 11 |
---------------+----------------------------------+-----
Dodging        | 2 3 4 5 6 7 9 |  9.3
Unarmed Combat | 5 7 9 10 11 12 14 15 17 | 17.9
Spellcasting   | 3 4 5 6 8 9 |  9.9
Transmutations | 4 5 6 7 9 10 | 10.9
Stealth        | 2 3 4 6 |  6.8
Evocations     | 1 3 4 |  4.7
Fighting       | 3 4 5 6 |  6.1
Ice Magic      | 2 3 4 |  4.5
Throwing       | 1 2 |  2.0

Action                   |  1- 3 |  4- 6 |  7- 9 | 10-12 || total
-------------------------+-------+-------+-------+-------++-------
Melee: Unarmed           |    21 |    13 |    46 |    98 ||   178
       Headbutt          |     2 |       |       |       ||     2
       Punch             |     1 |       |     2 |     5 ||     8
       Kick              |     2 |     2 |       |       ||     4
       Tailslap          |     1 |     1 |       |     4 ||     6
Throw: Dart              |       |       |     2 |       ||     2
 Cast: Beastly Appendage |     2 |     1 |     1 |       ||     4
       Wereblood         |     1 |     1 |     3 |     3 ||     8
       Ice Form          |       |     1 |     5 |     3 ||     9
       Blade Hands       |       |       |       |     3 ||     3
Evoke: Wand              |     1 |     3 |     6 |       ||    10
  Use: Potion            |       |     1 |     4 |       ||     5
       Scroll            |       |       |     1 |     1 ||     2
 Stab: Sleeping          |       |     1 |     1 |     3 ||     5
       Distracted        |       |       |       |     2 ||     2
Armor: Skin              |     9 |       |    53 |    21 ||    83
Dodge: Dodged            |     5 |     4 |    16 |    44 ||    69

Table legend: (Time is in decaauts)
 A = Elapsed time spent in this place.
 B = Non-inter-level travel time spent in this place.
 C = Inter-level travel time spent in this place.
 D = Time resting spent in this place.
 E = Time spent auto-exploring this place.
 F = Levels seen in this place.
 G = Mean time per level.
                   A        B        C        D        E       F      G
               +--------+--------+--------+--------+--------+-----+--------+
         Total |   2564 |   2546 |     18 |   1647 |      0 |   1 | 2564.0 |
       Dungeon |   2564 |   2546 |     18 |   1647 |      0 |   1 | 2564.0 |
               +--------+--------+--------+--------+--------+-----+--------+

Top non-repeatable levels by time:
       D: 2564 daAuts
